[Event "Team 45 45 League T60"]
[Site "Internet Chess Club"]
[Date "2014.02.26"]
[Round "1"]
[White "fledermaus"]
[Black "fhunfi"]
[Result "1-0"]
[WhiteElo "1922"]
[BlackElo "2022"]
[Opening "Dutch defense"]
[ECO "A90"]
[Time "16:02:16"]
[TimeControl "2700+45"]

1. d4 e6 2. c4 f5 3. g3 Nf6 4. Bg2 d6 5. Nf3 g6 6. b3 Bg7 7. Bb2 Ne4 8. Nfd2
Nxd2 9. Qxd2 Qe7 10. Nc3 Nc6 11. d5 Nb4 12. dxe6 Bxe6 13. Bxb7 Rb8 14. Bd5 Bxd5
15. Nxd5 Nxd5 16. cxd5 O-O 17. O-O Rfe8 18. Bxg7 Qxg7 19. Rac1 Re7 20. Rc4 Rbe8
21. e3 Re4 22. Rfc1 Rxc4 23. Rxc4 Re4 24. Qc3 Rxc4 25. Qxg7+ Kxg7 26. bxc4 Kf6
27. f4 Ke7 28. Kf2 Kd7 29. e4 c5 30. Kf3 Ke7 31. exf5 gxf5 32. g4 fxg4+ 33. Kxg4
Kf6 34. f5 a6 35. a3 a5 36. a4 h6 37. h4 Ke5 38. Kh5 Kxf5 39. Kxh6 Kf6 40. h5
Kf5 41. Kg7 Kg5 42. h6 {Black resigns} 1-0

[Event "Team 45 45 League T60"]
[Site "Internet Chess Club"]
[Date "2014.03.02"]
[Round "1"]
[White "RamRock"]
[Black "jonesey"]
[Result "1/2-1/2"]
[WhiteElo "1790"]
[BlackElo "1869"]
[Opening "Sicilian defense"]
[ECO "B20"]
[Time "15:00:41"]
[TimeControl "2700+45"]

1. e4 c5 2. d3 g6 3. g3 Bg7 4. Bg2 Nc6 5. f4 d6 6. Nf3 Nf6 7. O-O O-O 8. c3 Bd7
9. Nbd2 Rb8 10. Nc4 b5 11. Ne3 b4 12. Bd2 a5 13. h3 a4 14. Qxa4 b3 15. axb3 Nd4
16. Qa5 Qxa5 17. Rxa5 Nxb3 18. Ra2 Ra8 19. Rxa8 Rxa8 20. Rb1 Ra2 21. Be1 Bb5 22.
Bf1 Ba6 23. Nd2 Na1 24. b4 Nd7 25. b5 Bb7 26. Nb3 Nxb3 27. Rxb3 Nb6 28. Bf2 Na4
29. c4 Bd4 30. Ng4 Bg7 31. e5 h5 32. exd6 exd6 33. Nh2 Kf8 34. g4 Ke7 35. Rb1
Nc3 36. Re1+ Kd7 37. Bg2 Bxg2 38. Kxg2 Bd4 39. Rf1 Nd1 40. Rxd1 Rxf2+ 41. Kh1
hxg4 42. hxg4 d5 43. Rf1 Rc2 44. cxd5 Rb2 45. Nf3 Rxb5 46. Ne5+ Kd6 47. Nxf7+
Kxd5 48. f5 gxf5 49. Rxf5+ Ke6 50. Ng5+ Ke7 51. Kg2 Rb2+ 52. Kf3 Rf2+ 53. Ke4
Rg2 54. Rf4 Rg3 55. Kd5 Rxd3 56. Re4+ Kf6 57. Nh7+ Kg6 58. Nf8+ Kf7 59. Nd7 Bf2+
60. Kc6 Rd4 61. Re2 Bg3 62. Nxc5 Rxg4 {Game drawn by mutual agreement} 1/2-1/2

[Event "Team 45 45 League T60"]
[Site "Internet Chess Club"]
[Date "2014.03.03"]
[Round "1"]
[White "RubberDuck"]
[Black "Lumumba"]
[Result "1-0"]
[WhiteElo "1879"]
[BlackElo "1620"]
[Opening "QGD: Chigorin defense"]
[ECO "D07"]
[Time "13:00:39"]
[TimeControl "2700+45"]

1. d4 d5 2. c4 Nc6 3. Nf3 Bg4 4. cxd5 Bxf3 5. dxc6 Bxc6 6. Nc3 e6 7. Bf4 Bb4 8.
e3 Nf6 9. Rc1 O-O 10. a3 Bxc3+ 11. bxc3 Qe7 12. Qb3 Rfd8 13. c4 a5 14. f3 a4 15.
Qc3 Rac8 16. e4 Nh5 17. Be3 f5 18. e5 Qh4+ 19. Bf2 Qe7 20. Qb4 Qxb4+ 21. axb4 g6
22. b5 Be8 23. Ra1 Ra8 24. g3 a3 25. Ra2 Ra4 26. Be2 Rda8 27. Kd2 g5 28. Kc3 Kf7
29. Rha1 c6 30. b6 f4 31. g4 Ng7 32. Kb3 h5 33. h3 Kg6 34. Rxa3 Rxa3+ 35. Rxa3
Rxa3+ 36. Kxa3 Bd7 37. c5 Kf7 38. h4 Kg6 39. Bd3+ Kh6 40. Kb3 Bc8 41. Kc3 Bd7
42. Kd2 Bc8 43. Ke2 Bd7 44. Kf1 Bc8 45. Kg2 Bd7 46. Kh3 Ne8 47. Be1 hxg4+ 48.
fxg4 Ng7 49. hxg5+ Kxg5 50. Bh4+ Kh6 51. Be7 Be8 52. Ba6 {Black resigns} 1-0

[Event "Team 45 45 League T60"]
[Site "Internet Chess Club"]
[Date "2014.03.08"]
[Round "1"]
[White "Timotheous"]
[Black "gcl"]
[Result "1-0"]
[WhiteElo "1837"]
[BlackElo "1698"]
[Opening "Réti accepted"]
[ECO "A09"]
[Time "07:40:42"]
[TimeControl "2700+45"]

1. Nf3 d5 2. c4 dxc4 3. Na3 Nf6 4. Nxc4 Nc6 5. g3 e6 6. Bg2 Be7 7. O-O O-O 8. a3
Nd4 9. d3 Nxf3+ 10. Bxf3 c6 11. b4 Qc7 12. Bf4 Qd7 13. Qc2 Nd5 14. Be5 b6 15.
Rfd1 Bb7 16. Bb2 c5 17. e4 Nc7 18. bxc5 Bxc5 19. d4 Be7 20. d5 exd5 21. exd5 Ne8
22. Ne3 Rc8 23. Qd3 Bf6 24. Bg4 Qe7 25. Bxf6 Nxf6 26. Bxc8 Bxc8 27. a4 Bh3 28.
Ng2 Rd8 29. Nf4 Bc8 30. Qc4 Qd6 31. Rac1 Bb7 32. Qc7 g5 33. Qxb7 gxf4 34. Qc7
Qf8 35. Qxf4 Nd7 36. Rc7 a5 37. Qg4+ Qg7 38. Qxg7+ Kxg7 39. Rd4 Nc5 40. Rf4 Rxd5
41. Rfxf7+ Kg6 42. Rf4 Ne6 43. Rc6 Re5 44. Rxb6 Kg5 45. Rc4 Rd5 46. Rxe6 {Black
resigns} 1-0

[Event "Team 45 45 League T60"]
[Site "Internet Chess Club"]
[Date "2014.03.01"]
[Round "1"]
[White "chess9397"]
[Black "Greedy-Reedy"]
[Result "0-1"]
[WhiteElo "1770"]
[BlackElo "1995"]
[Opening "Pirc: Austrian attack, 6.Bd3"]
[ECO "B09"]
[Time "12:00:57"]
[TimeControl "2700+45"]

1. e4 d6 2. d4 Nf6 3. Nc3 g6 4. f4 Bg7 5. Nf3 O-O 6. Bd3 Na6 7. O-O c5 8. d5 Bg4
9. h3 Bxf3 10. Qxf3 Nb4 11. a3 Nxd3 12. Qxd3 Qb6 13. Be3 Nd7 14. Na4 Qa5 15. Qb3
b5 16. Nc3 Rab8 17. Kh1 a6 18. Rf3 Qc7 19. Ne2 c4 20. Qb4 a5 21. Qd2 Bxb2 22.
Ra2 Bg7 23. c3 Nc5 24. Bxc5 Qxc5 25. Nd4 Bxd4 26. Qxd4 Qxd4 27. cxd4 b4 28. Rc2
Rfc8 29. axb4 axb4 30. Rf1 c3 31. Rb1 b3 32. Rcc1 c2 33. Rb2 Rc4 34. e5 Kg7 35.
Kh2 Rxd4 36. exd6 exd6 37. Kg3 Rd1 38. Rcxc2 bxc2 39. Rxc2 {White resigns} 0-1

[Event "Team 45 45 League T60"]
[Site "Internet Chess Club"]
[Date "2014.03.01"]
[Round "1"]
[White "IshanR"]
[Black "DouDou"]
[Result "0-1"]
[WhiteElo "1799"]
[BlackElo "1872"]
[Opening "Grünfeld: Russian, Alekhine (Hungarian) variation"]
[ECO "D97"]
[Time "22:02:21"]
[TimeControl "2700+45"]

1. d4 Nf6 2. c4 g6 3. Nc3 d5 4. Nf3 Bg7 5. Qb3 dxc4 6. Qxc4 O-O 7. e4 a6 8. e5
b5 9. Qb3 Nfd7 10. Ng5 Nb6 11. Be3 e6 12. Be2 Bb7 13. Bf3 Bxf3 14. gxf3 Nc4 15.
Nce4 Nc6 16. O-O-O N6a5 17. Qb4 Nxe3 18. fxe3 Nc4 19. Rd3 c6 20. h4 Nxe5 21. Rc3
Nc4 22. b3 Nb6 23. Rxc6 Nd5 24. Qd2 Qd7 25. Rc5 f5 26. Nc3 Nxc3 27. Qxc3 Rac8
28. Kb1 f4 {White resigns} 0-1

[Event "Team 45 45 League T60"]
[Site "Internet Chess Club"]
[Date "2014.03.02"]
[Round "1"]
[White "hood"]
[Black "jrobic7"]
[Result "1/2-1/2"]
[WhiteElo "1800"]
[BlackElo "1749"]
[Opening "Sicilian: Najdorf, Opocensky variation"]
[ECO "B92"]
[Time "22:08:21"]
[TimeControl "2700+45"]

1. e4 c5 2. Nf3 d6 3. d4 cxd4 4. Nxd4 Nf6 5. Nc3 a6 6. Be2 e5 7. Nb3 Be6 8. Be3
Be7 9. f3 O-O 10. Qd2 b5 11. a4 Bxb3 12. cxb3 b4 13. Nd5 Nxd5 14. Qxd5 Nd7 15.
a5 Nf6 16. Qd2 d5 17. exd5 Qxd5 18. Qxd5 Nxd5 19. Bd2 Bc5 20. Bc4 Ne3 21. Bxe3
Bxe3 22. Rd1 Bd4 23. Rd2 Rfd8 24. Ke2 Rd6 25. Rhd1 Rad8 26. g3 Kf8 27. h4 Ke7
28. g4 f6 29. h5 h6 30. Rd3 Rc8 {Game drawn by mutual agreement} 1/2-1/2

[Event "Team 45 45 League T60"]
[Site "Internet Chess Club"]
[Date "2014.03.02"]
[Round "1"]
[White "kabindra"]
[Black "joebobpop"]
[Result "1-0"]
[WhiteElo "1809"]
[BlackElo "1846"]
[Opening "Giuoco Piano"]
[ECO "C54"]
[Time "14:10:59"]
[TimeControl "2700+45"]

1. e4 e5 2. Nf3 Nc6 3. Bc4 Bc5 4. c3 Nf6 5. d4 exd4 6. e5 d5 7. Bb5 Nd7 8. cxd4
Bb4+ 9. Nc3 a6 10. Ba4 O-O 11. O-O Nb6 12. Bc2 Ne7 13. Bg5 Qd7 14. Qd3 Ng6 15.
h4 Qg4 16. Nh2 Qe6 17. h5 Nc4 18. hxg6 fxg6 19. Rab1 Rf5 20. Qg3 Rf8 21. a3 Be7
22. Nf3 Bxg5 23. Qxg5 Qg4 24. Qxg4 Bxg4 25. Rfd1 Bxf3 26. gxf3 Rxf3 27. Nxd5 c6
28. Be4 Rb3 29. Nc7 Rc8 30. Ne6 Rxb2 31. Rxb2 Nxb2 32. Rb1 Nc4 33. Rxb7 Nxa3 34.
Rxg7+ Kh8 35. Ra7 {Black resigns} 1-0

[Event "Team 45 45 League T60"]
[Site "Internet Chess Club"]
[Date "2014.02.28"]
[Round "1"]
[White "jjmolina"]
[Black "CuatroPrincesas"]
[Result "0-1"]
[WhiteElo "1825"]
[BlackElo "2202"]
[Opening "Sicilian: Najdorf, Byrne (English) attack"]
[ECO "B90"]
[Time "16:08:38"]
[TimeControl "2700+45"]

1. e4 c5 2. Nf3 d6 3. d4 cxd4 4. Nxd4 Nf6 5. Nc3 a6 6. Be3 Ng4 7. Bg5 h6 8. Bh4
g5 9. Bg3 Bg7 10. h3 Ne5 11. f3 Nbc6 12. Bf2 Be6 13. Qd2 Rc8 14. Nxc6 Rxc6 15.
Nd5 O-O 16. O-O-O Nc4 17. Bxc4 Rxc4 18. Bb6 Qd7 19. b3 Rc6 20. Bd4 Rfc8 21. Ne3
Qc7 22. Bxg7 Kxg7 23. Rhe1 a5 24. Re2 a4 25. Kb1 axb3 26. cxb3 f6 27. Nf5+ Bxf5
28. exf5 Rc5 29. Rde1 Re5 30. Rxe5 fxe5 31. Rc1 Qxc1+ 32. Qxc1 Rxc1+ 33. Kxc1 h5
34. a4 h4 35. b4 Kf8 36. Kd2 Ke8 37. a5 Kd7 38. b5 d5 39. Kc3 Kc7 40. Kb4 Kd6
41. a6 bxa6 42. bxa6 Kc6 {White resigns} 0-1

[Event "Team 45 45 League T60"]
[Site "Internet Chess Club"]
[Date "2014.02.28"]
[Round "1"]
[White "f5"]
[Black "primerpaso"]
[Result "1-0"]
[WhiteElo "2158"]
[BlackElo "1923"]
[Opening "QGD: 4.Nf3"]
[ECO "D37"]
[Time "18:00:51"]
[TimeControl "2700+45"]

1. d4 Nf6 2. Nf3 d5 3. c4 e6 4. Nc3 Be7 5. g3 O-O 6. Bg2 Ne4 7. Qc2 f5 8. O-O c6
9. Ne5 Nd7 10. Bf4 Nxe5 11. Bxe5 Bd7 12. Nxe4 fxe4 13. f3 exf3 14. exf3 Bf6 15.
Rae1 Qb6 16. c5 Qa6 17. a3 b6 18. Bh3 bxc5 19. Qxc5 Rae8 20. Rf2 Qb6 21. Qc3 a5
22. f4 Be7 23. Rc2 Rc8 24. Qe3 Rfe8 25. Rec1 h6 26. Kh1 Bf8 27. Qd3 c5 28. dxc5
Bxc5 29. Qg6 Bf8 30. Bf5 Rxc2 31. Rxc2 Rc8 32. Qh7+ Kf7 33. Bg6+ Ke7 34. Qg8 Qb5
35. Qf7+ Kd8 36. Qxf8+ Be8 37. Rxc8+ {Black resigns} 1-0

[Event "Team 45 45 League T60"]
[Site "Internet Chess Club"]
[Date "2014.03.03"]
[Round "1"]
[White "Baseta"]
[Black "MBAStudent"]
[Result "1-0"]
[WhiteElo "1831"]
[BlackElo "1764"]
[Opening "Neo-Grünfeld, 6.O-O c6"]
[ECO "D78"]
[Time "08:02:47"]
[TimeControl "2700+45"]

1. Nf3 Nf6 2. c4 g6 3. g3 Bg7 4. Bg2 O-O 5. O-O c6 6. d4 d5 7. Qb3 dxc4 8. Qxc4
Be6 9. Qa4 h6 10. Nc3 Nbd7 11. Rd1 Nb6 12. Qc2 Nfd5 13. e4 Nb4 14. Qe2 Bc4 15.
Qd2 Ba6 16. b3 e6 17. e5 N4d5 18. Ne4 Qe7 19. Nc5 Rfd8 20. Nxa6 bxa6 21. Qa5 Nc7
22. Ba3 Qe8 23. Bd6 Nb5 24. Bc5 Nd5 25. Qxa6 Qd7 26. Rac1 Nbc7 27. Qc4 a5 28.
Bd6 Nb5 29. Qxc6 Nxd6 30. exd6 Qxd6 31. Ne5 Nb4 32. Qxd6 Rxd6 33. Bxa8 {Black
resigns} 1-0

[Event "Team 45 45 League T60"]
[Site "Internet Chess Club"]
[Date "2014.03.04"]
[Round "1"]
[White "zugknightly"]
[Black "frank001"]
[Result "0-1"]
[WhiteElo "1874"]
[BlackElo "1815"]
[Opening "English, 1...Nf6 (Anglo-Indian defense)"]
[ECO "A15"]
[Time "06:14:21"]
[TimeControl "2700+45"]

1. c4 Nf6 2. g3 g6 3. Bg2 Bg7 4. Nc3 O-O 5. d3 d6 6. Bg5 a6 7. Qd2 Re8 8. e4 Nc6
9. Nge2 Rb8 10. O-O Bd7 11. h3 Qc8 12. Kh2 b5 13. Rab1 bxc4 14. dxc4 Ne5 15.
Bxf6 Bxf6 16. Nd5 Bxh3 17. Nxf6+ exf6 18. Qf4 Bxg2 19. Kxg2 Nxc4 20. Rh1 h5 21.
b3 Ne5 22. Nc3 Kg7 23. Nd5 Re6 24. Qc1 c6 25. Nc3 Re8 26. Qd2 Qe6 27. Rbe1 Rbd8
28. f4 Ng4 29. Qd3 Qc8 30. Ne2 d5 31. exd5 Rxd5 32. Qc3 Re3 33. Qc1 Qe6 34. Nc3
Rdd3 35. Rxe3 Rxe3 36. Qd2 c5 37. Rc1 c4 38. bxc4 Qxc4 39. a4 Rd3 40. Qe2 Qd4
41. Kh1 Rxg3 42. Ne4 Re3 43. Rd1 Qxe4+ {White resigns} 0-1

[Event "Team 45 45 League T60"]
[Site "Internet Chess Club"]
[Date "2014.03.02"]
[Round "1"]
[White "chess9793"]
[Black "Cryptochess"]
[Result "1-0"]
[WhiteElo "2154"]
[BlackElo "2106"]
[Opening "Pirc: Austrian attack, dragon formation"]
[ECO "B09"]
[Time "21:00:54"]
[TimeControl "2700+45"]

1. e4 d6 2. d4 Nf6 3. Nc3 g6 4. f4 Bg7 5. Nf3 c5 6. Bb5+ Bd7 7. e5 Ng4 8. e6
fxe6 9. Ng5 Bxb5 10. Nxb5 Qa5+ 11. c3 Qxb5 12. Qxg4 Qc4 13. Nxh7 Qd3 14. Ng5
cxd4 15. Qxe6 Qf5 16. Qxf5 gxf5 17. Ne6 Kf7 18. Nxg7 Kxg7 19. cxd4 Nc6 20. Bd2
Nxd4 21. Bc3 e5 22. Bxd4 exd4 23. O-O-O Rac8+ 24. Kb1 Rc4 25. b3 Rb4 26. g3 a5
27. Kb2 a4 28. Ka3 Rb6 29. Rxd4 axb3 30. axb3 Rc8 31. Kb2 Re8 32. Rhd1 Re6 33.
h3 Rh6 34. h4 Kf7 35. Re1 Rg6 36. Re3 Kf6 37. b4 Rg8 38. Kb3 Ra8 39. Re1 Rba6
40. Kc4 Rc8+ 41. Kb5 Rcc6 42. h5 Rcb6+ 43. Kc4 Ra3 44. h6 Rc6+ 45. Kb5 Rxg3 46.
Rh1 Rg8 47. h7 Rh8 48. Rh6+ Kg7 49. Rhxd6 Rxd6 50. Rxd6 Kxh7 51. Rf6 Kg7 52.
Rxf5 Kg6 53. Rc5 Rh4 54. Rc4 Kf5 55. Kb6 Rh7 56. b5 Ke6 57. Rc7 Rh4 58. Kxb7
Rxf4 59. b6 Kd6 60. Rc1 Ra4 61. Rd1+ Ke7 62. Kc7 Rc4+ 63. Kb8 Ra4 64. b7 Ra2 65.
Rd4 Ra1 66. Kc7 Rc1+ 67. Kb6 Rb1+ 68. Kc6 Rc1+ 69. Kb5 Rb1+ 70. Rb4 {Black
resigns} 1-0

[Event "Team 45 45 League T60"]
[Site "Internet Chess Club"]
[Date "2014.03.02"]
[Round "1"]
[White "Nb4"]
[Black "chessfan"]
[Result "0-1"]
[WhiteElo "1983"]
[BlackElo "1886"]
[Opening "Grünfeld: exchange variation"]
[ECO "D85"]
[Time "15:30:39"]
[TimeControl "2700+45"]

1. d4 Nf6 2. c4 g6 3. Nc3 d5 4. cxd5 Nxd5 5. e4 Nxc3 6. bxc3 Bg7 7. Qa4+ Bd7 8.
Qb3 O-O 9. Nf3 c5 10. Be3 Qa5 11. Bd2 b6 12. Be2 Nc6 13. Bb5 Rad8 14. c4 Nb4 15.
a3 Bxb5 16. cxb5 Bxd4 17. Rb1 Qxa3 18. Qxa3 Nc2+ 19. Ke2 Nxa3 20. Rb3 Nc4 21.
Bh6 Bg7 22. Bxg7 Kxg7 23. Rc1 Na5 24. Rbc3 e5 25. h4 f6 26. Ra1 h5 27. Rg1 Rd7
28. Ra1 Rfd8 29. Rg1 Nb7 30. Ke3 Rd4 31. Rcc1 Rd3+ 32. Ke2 Rb3 33. Rb1 Na5 34.
Rgc1 Rbd3 35. Rb2 c4 36. Rbb1 Kf7 37. Ne1 R3d4 38. f3 f5 39. Nc2 Rd2+ 40. Kf1
Nb3 41. Na3 Nxc1 42. Rxc1 Rd1+ 43. Rxd1 Rxd1+ 44. Ke2 Rc1 45. Kd2 Rg1 46. Nxc4
Rxg2+ 47. Ke3 Ke6 {White resigns} 0-1

[Event "Team 45 45 League T60"]
[Site "Internet Chess Club"]
[Date "2014.03.01"]
[Round "1"]
[White "DouDou"]
[Black "lioric"]
[Result "0-1"]
[WhiteElo "1858"]
[BlackElo "1857"]
[Opening "Sicilian: accelerated fianchetto, modern variation"]
[ECO "B34"]
[Time "15:02:09"]
[TimeControl "2700+45"]

1. e4 c5 2. Nf3 Nc6 3. d4 cxd4 4. Nxd4 g6 5. Nc3 Bg7 6. Be3 Nf6 7. f3 O-O 8. Bc4
Qb6 9. Bb3 Nxe4 10. Nd5 Qa5+ 11. c3 Nf6 12. Nxc6 dxc6 13. Nxe7+ Kh8 14. Nxc8
Raxc8 15. Qc2 Rfe8 16. Kf2 Re7 17. Rhe1 Rce8 18. Rad1 Qh5 19. Bf4 Qc5+ 20. Kf1
Rxe1+ 21. Rxe1 Rxe1+ 22. Kxe1 Qg1+ 23. Kd2 Qxg2+ 24. Kc1 Qxf3 25. Qd2 Nd5 26.
Bg5 f6 27. Bh4 Qh1+ 28. Bd1 Qe4 29. Bg3 Qe3 30. Bf2 Qxd2+ 31. Kxd2 a6 32. c4 Nc7
33. b3 Kg8 34. Kc3 Bf8 35. Bf3 Ne6 36. b4 Kf7 37. a4 Ke8 38. h4 f5 39. c5 Kd7
40. a5 h6 41. Be3 g5 42. hxg5 hxg5 43. Kd3 Bg7 44. Bd2 Be5 45. Be1 Nd4 46. Bg2
Ke6 47. Bf2 Nb5 48. Be1 Bb2 49. Kc2 Bd4 50. Kd3 Ke5 51. Bd2 g4 52. Bh6 Kf6 53.
Bd2 Kg6 54. Bf1 Kh5 55. Bg2 Kh4 56. Bf4 Bc3 57. Kc4 g3 58. Kd3 Kg4 59. Bh6 Bxb4
60. Bg7 Bxc5 61. Be5 Bb4 62. Ke3 {White resigns} 0-1

[Event "Team 45 45 League T60"]
[Site "Internet Chess Club"]
[Date "2014.03.01"]
[Round "1"]
[White "LazyPeon"]
[Black "LiangLiang"]
[Result "1/2-1/2"]
[WhiteElo "1873"]
[BlackElo "1826"]
[Opening "King's Indian: fianchetto, Yugoslav, 7.O-O"]
[ECO "E65"]
[Time "16:00:23"]
[TimeControl "2700+45"]

1. d4 Nf6 2. c4 g6 3. g3 Bg7 4. Bg2 O-O 5. Nc3 d6 6. Nf3 c5 7. O-O cxd4 8. Nxd4
a6 9. e4 Nbd7 10. h3 Qc7 11. b3 Nc5 12. Be3 Bd7 13. Rc1 Bc6 14. Nxc6 bxc6 15.
Bxc5 dxc5 16. Qe2 Nd7 17. Rfd1 Bd4 18. Kh2 Qa5 19. Na4 Nb6 20. Nxb6 Qxb6 21. e5
Rae8 22. f4 f5 23. Qf3 Rc8 24. h4 h5 25. Rc2 e6 26. Rcd2 Rfd8 27. Qe2 Rc7 28.
Bf3 Qb4 29. Qg2 Rcd7 30. Kh3 Rc7 31. Bxc6 Rdc8 32. Bf3 a5 33. Qe2 Ra7 34. Rd3
Qb6 35. R1d2 Rh7 36. Qd1 Rd8 37. Kg2 Rdd7 38. Kh3 Qc7 39. Kg2 Qb6 40. Kh3 Qc7
{Game drawn by mutual agreement} 1/2-1/2

[Event "Team 45 45 League T60"]
[Site "Internet Chess Club"]
[Date "2014.03.01"]
[Round "1"]
[White "yummy2"]
[Black "MintyBlue"]
[Result "1-0"]
[WhiteElo "2361"]
[BlackElo "2162"]
[Opening "Catalan: open, 5.Nf3"]
[ECO "E04"]
[Time "16:00:20"]
[TimeControl "2700+45"]

1. Nf3 d5 2. d4 Nf6 3. c4 e6 4. g3 dxc4 5. Bg2 Nc6 6. Qa4 Bd6 7. O-O O-O 8. Qxc4
e5 9. Nc3 exd4 10. Nxd4 Nxd4 11. Qxd4 Be7 12. Be3 Qxd4 13. Bxd4 Rd8 14. Rfd1 c6
15. h3 Be6 16. e4 Nd7 17. f4 f6 18. Be3 Bc5 19. Kf2 a5 20. Rd2 Bxe3+ 21. Kxe3
Nc5 22. Rad1 Rxd2 23. Rxd2 Kf7 24. f5 Bc4 25. b3 Ba6 26. e5 fxe5 27. Ne4 Nxe4
28. Kxe4 Re8 29. Bf3 Kf8 30. Bh5 Rc8 31. Kxe5 c5 32. Bf3 c4 33. bxc4 Rxc4 34.
Rd7 b5 35. Bd5 Rc5 36. Rf7+ Ke8 37. Rxg7 {Black resigns} 1-0

[Event "Team 45 45 League T60"]
[Site "Internet Chess Club"]
[Date "2014.03.03"]
[Round "1"]
[White "Jack-ONeill"]
[Black "Cryptochess"]
[Result "1/2-1/2"]
[WhiteElo "2047"]
[BlackElo "2103"]
[Opening "Pirc: classical system, 5.Be2"]
[ECO "B08"]
[Time "13:05:58"]
[TimeControl "2700+45"]

1. e4 d6 2. d4 Nf6 3. Nc3 g6 4. Nf3 Bg7 5. Be2 O-O 6. O-O c6 7. a4 Qc7 8. h3 e5
9. dxe5 dxe5 10. Bc4 h6 11. Be3 Rd8 12. Qc1 Kh7 13. Rd1 Rxd1+ 14. Qxd1 Qe7 15.
Qd2 Nbd7 16. Rd1 Bf8 17. g4 Ne8 18. Kg2 Nc7 19. Ne2 Ne6 20. Ng3 Qe8 21. h4 Bc5
22. Bxh6 f6 23. h5 g5 24. Bxg5 Nxg5 25. Nxg5+ fxg5 26. Qxg5 Be7 27. Qf5+ Kh8 28.
g5 Qf8 29. Qg6 Nb6 30. Be2 Nxa4 31. Nf5 Nc5 32. Nxe7 Qxe7 33. Qh6+ Kg8 34. Qg6+
Kh8 35. Qh6+ Kg8 36. Qg6+ Kh8 {Game drawn by repetition} 1/2-1/2

[Event "Team 45 45 League T60"]
[Site "Internet Chess Club"]
[Date "2014.03.01"]
[Round "1"]
[White "Epcot"]
[Black "Ptzz"]
[Result "1-0"]
[WhiteElo "2080"]
[BlackElo "2050"]
[Opening "QGD Slav: 4.e3 Bf5"]
[ECO "D12"]
[Time "10:12:43"]
[TimeControl "2700+45"]

1. d4 d5 2. c4 c6 3. Nf3 Nf6 4. e3 Bf5 5. Nc3 e6 6. Nh4 Be4 7. f3 Bg6 8. Qb3 Qb6
9. Nxg6 hxg6 10. Bd2 Nbd7 11. g3 Be7 12. O-O-O Qxb3 13. axb3 O-O-O 14. Kc2 g5
15. h3 e5 16. f4 gxf4 17. gxf4 exd4 18. exd4 Bb4 19. cxd5 cxd5 20. Bg2 Bxc3 21.
bxc3 Ne4 22. Be1 f5 23. Rg1 Ndf6 24. Rd3 Rh7 25. Bf1 Kd7 26. c4 Rc8 27. c5 a6
28. b4 b5 29. Ra3 Nd6 30. Rxa6 Nc4 31. Bd3 Ne4 32. h4 Rc7 33. Bxc4 dxc4 34. d5
Nxc5 35. bxc5 Rxc5 36. Ra7+ Rc7 37. Rxc7+ Kxc7 38. Rg6 b4 39. Bxb4 Rxh4 40. Bd6+
{Black resigns} 1-0

[Event "Team 45 45 League T60"]
[Site "Internet Chess Club"]
[Date "2014.02.28"]
[Round "1"]
[White "cheesypotatoes"]
[Black "RRK"]
[Result "1-0"]
[WhiteElo "2166"]
[BlackElo "2043"]
[Opening "QGD: Ragozin, Vienna variation"]
[ECO "D39"]
[Time "20:00:35"]
[TimeControl "2700+45"]

1. d4 d5 2. c4 e6 3. Nf3 Nf6 4. Nc3 Bb4 5. Bg5 dxc4 6. e3 b5 7. Be2 c6 8. O-O
Nbd7 9. Ne5 Qb6 10. Nxd7 Nxd7 11. a3 Bxc3 12. bxc3 O-O 13. a4 Bb7 14. Bf4 a6 15.
Rb1 Qa7 16. Qc2 Rac8 17. Bd6 Rfd8 18. f4 Qa8 19. f5 c5 20. fxe6 fxe6 21. Bf3
Bxf3 22. Rxf3 Qd5 23. dxc5 Nxc5 24. Be7 Rd7 25. Bxc5 Qxc5 26. axb5 axb5 27. Qe4
e5 28. Rbf1 Rcd8 29. Rf5 Re8 30. R5f3 g6 31. Rf6 Kh8 32. Kh1 Red8 33. Qf3 Qe7
34. h3 e4 35. Qf4 Kg8 36. Kh2 Rd3 37. Qg5 Qd7 38. R1f4 Qe8 39. Rf8+ Qxf8 40.
Rxf8+ Rxf8 41. Qxb5 Kg7 42. Qxc4 Re8 43. Qc7+ Kg8 44. g4 Rd2+ 45. Kg3 Rdd8 46.
c4 Rd3 47. Kf4 h6 48. c5 Rd2 49. Qb6 Kg7 50. Qa7+ Kf6 51. c6 Rg2 52. Qd4+ Kf7
53. h4 Rc2 54. h5 gxh5 55. gxh5 Re6 56. Qd7+ Kf6 57. c7 Rec6 58. Qh7 Rxc7 59.
Qxh6+ Kf7 60. Qg6+ Kf8 61. Qd6+ Re7 62. h6 Rf2+ 63. Kg3 Rf3+ 64. Kg4 Rf7 65. Kg5
Kg8 66. Kg6 Kf8 67. Qb8+ Re8 68. Qb4+ Ree7 69. Qb8+ Re8 70. Qd6+ Ree7 71. Qd8+
Re8 72. Qd5 Ree7 73. Qa8+ Re8 74. Qa6 Ree7 75. Qc8+ Re8 76. Qc5+ Ree7 77. Qd6
{Black resigns} 1-0

[Event "Team 45 45 League T60"]
[Site "Internet Chess Club"]
[Date "2014.03.02"]
[Round "1"]
[White "Wargasm"]
[Black "zigzag2002"]
[Result "1-0"]
[WhiteElo "2225"]
[BlackElo "2016"]
[Opening "Nimzovich-Larsen attack: classical variation"]
[ECO "A01"]
[Time "07:31:43"]
[TimeControl "2700+45"]

1. b3 d5 2. Bb2 Nf6 3. e3 e6 4. f4 Bd6 5. Nf3 c5 6. Ne5 O-O 7. Bd3 Nc6 8. O-O
Ne7 9. Na3 a6 10. c4 b6 11. Qf3 Bb7 12. Rad1 Qc7 13. Qg3 Ng6 14. h4 Ne4 15. Qh2
Nxe5 16. fxe5 Be7 17. Bc2 dxc4 18. bxc4 b5 19. d3 b4 20. Nb1 Nc3 21. Nxc3 bxc3
22. Bxc3 Qd8 23. d4 Bxh4 24. g3 Qg5 25. Qxh4 Qxe3+ 26. Rf2 h6 27. Bd2 Qxd4 28.
Qxd4 cxd4 29. Bb4 Rfd8 30. Bd6 {Black resigns} 1-0

[Event "Team 45 45 League T60"]
[Site "Internet Chess Club"]
[Date "2014.03.01"]
[Round "1"]
[White "imgr8"]
[Black "Pomberito"]
[Result "1-0"]
[WhiteElo "2138"]
[BlackElo "2144"]
[Opening "Two knights defense (Modern bishop's opening)"]
[ECO "C55"]
[Time "12:33:10"]
[TimeControl "2700+45"]

1. e4 e5 2. Nf3 Nc6 3. Bc4 Nf6 4. d3 Be7 5. c3 O-O 6. Nbd2 d6 7. Bb3 d5 8. exd5
Nxd5 9. Ne4 Bg4 10. h3 Bh5 11. O-O Nf4 12. d4 Bxf3 13. Qxf3 Ng6 14. Nc5 exd4 15.
Nxb7 Nge5 16. Qe4 Qd7 17. f4 Ng6 18. Ba4 f5 19. Qxc6 Qxc6 20. Bxc6 dxc3 21. bxc3
Bf6 22. Ba3 Bxc3 23. Rac1 Bd4+ 24. Kh2 Rf6 25. Nd6 Rb8 26. Bd5+ Kh8 27. Nf7+ Kg8
28. Nd8+ Kh8 29. Nc6 Rb5 30. Bc4 {Black resigns} 1-0

[Event "Team 45 45 League T60"]
[Site "Internet Chess Club"]
[Date "2014.03.02"]
[Round "1"]
[White "CHENENE"]
[Black "irock"]
[Result "1-0"]
[WhiteElo "1641"]
[BlackElo "1864"]
[Opening "Bogo-Indian defense, Grünfeld variation"]
[ECO "E11"]
[Time "13:39:37"]
[TimeControl "2700+45"]

1. d4 Nf6 2. c4 e6 3. Nf3 Bb4+ 4. Nbd2 b6 5. g3 Bb7 6. Bg2 O-O 7. O-O Bxd2 8.
Bxd2 d6 9. Rc1 Nbd7 10. Qc2 Be4 11. Qb3 c5 12. e3 Rc8 13. Rfe1 Qc7 14. Qd1 Qb7
15. Qe2 a6 16. a4 Rc7 17. Red1 Rfc8 18. b3 d5 19. a5 Ne8 20. Ne1 Bxg2 21. Nxg2
dxc4 22. bxc4 Nd6 23. d5 exd5 24. cxd5 b5 25. e4 Re8 26. f3 f5 27. Bf4 Ne5 28.
exf5 Rce7 29. Qf2 c4 30. g4 Nd3 31. Rxd3 cxd3 32. Bxd6 Re2 33. Qd4 d2 34. Rf1
Qd7 35. Bf4 Rd8 36. d6 Qc6 37. Qd3 Ree8 38. Qxd2 Qc5+ 39. Kh1 Qc4 40. Re1 Rf8
41. h3 Qb3 42. Re3 Qb1+ 43. Kh2 h5 44. Be5 hxg4 45. hxg4 g6 46. f6 Rf7 47. Kg3
Rh7 48. Re1 Qb3 49. Qg5 Kf7 50. Nf4 Qc2 51. Re2 Qb1 52. Bd4 Rd7 53. Re7+ Rxe7
54. fxe7 Qe1+ 55. Bf2 Qb1 56. Qxg6+ Qxg6 57. Nxg6 Ke8 58. d7+ Kxd7 59. Nf8+ Kxe7
60. Nxh7 {Black resigns} 1-0